 Dungeon Crawl Stone Soup version 0.26.1-11-gd32895ea62 (webtiles) character file.

Game seed: 5815567194442363124

276 jlumianski the Grasshopper (level 6, -11/50 HPs)
             Began as a Gnoll Warper on Apr 29, 2021.
             Killed by nerve-wracking pain
             ... invoked by an orc priest
              (14 damage)
             ... on level 4 of the Dungeon.
             The game lasted 00:18:14 (3601 turns).

jlumianski the Grasshopper (Gnoll Warper)           Turns: 3601, Time: 00:18:16

Health: -11/50     AC:  6    Str: 11 (14) XL:     6   Next: 25%
Magic:  5/14       EV: 13    Int: 14 (17) God:
Gold:   187        SH:  0    Dex: 11 (14) Spells: 7/15 levels left

rFire    . . .     SeeInvis .   a - +0 hand axe
rCold    . . .     Faith    .   (no shield)
rNeg     . . .     Spirit   .   b - +0 leather armour
rPois    .         Reflect  .   n - +2 helmet
rElec    .         Harm     .   (no cloak)
rCorr    .         Rampage  .   (no gloves)
Will     .....                  (no boots)
Stlth    ++........             (no amulet)
HPRegen  0.16/turn              (no ring)
MPRegen  0.14/turn              (no ring)

@: hasted, very quick
A: distributed training, fangs 1, strong nose
a: no special abilities


You were on level 4 of the Dungeon.
You visited 1 branch of the dungeon, and saw 5 of its levels.

You collected 187 gold pieces.

Inventory:

Hand Weapons
 a - a +0 hand axe (weapon)
 x - a +0 vorpal hunting sling
Missiles
 e - 5 boomerangs of dispersal
 f - 115 stones
 j - 38 poisoned darts (quivered)
Armour
 b - a +0 leather armour (worn)
 n - a +2 helmet (worn)
Jewellery
 u - an uncursed ring of stealth
Scrolls
 c - a scroll of teleportation {unknown}
 k - a scroll of magic mapping {unknown}
 l - 3 scrolls of identify
 o - 2 scrolls of enchant weapon {unknown}
 p - 3 scrolls of remove curse {unknown}
 r - 2 scrolls of amnesia {unknown}
 s - 2 scrolls of immolation {unknown}
 y - a scroll of fog {unknown}
Potions
 h - a potion of mutation {unknown}
 i - a potion of flight {unknown}
 m - 2 potions of degeneration
 q - a potion of lignification {unknown}
 t - a potion of invisibility {unknown}
 v - a potion of curing {unknown}
 w - a potion of cancellation {unknown}


   Skills:
 + Level 4.9 Fighting
 + Level 1.9 Short Blades
 + Level 1.9 Long Blades
 + Level 4.9 Axes
 + Level 1.9 Maces & Flails
 + Level 1.9 Polearms
 + Level 1.9 Staves
 + Level 1.9 Slings
 + Level 1.9 Bows
 + Level 1.9 Crossbows
 + Level 3.2 Throwing
 + Level 3.2 Armour
 + Level 4.9 Dodging
 + Level 1.9 Stealth
 + Level 1.9 Shields
 + Level 1.9 Unarmed Combat
 + Level 5.3 Spellcasting
 + Level 1.5 Conjurations
 + Level 1.5 Hexes
 + Level 1.5 Summonings
 + Level 1.5 Necromancy
 + Level 5.6 Translocations
 + Level 1.5 Transmutations
 + Level 1.5 Fire Magic
 + Level 1.5 Ice Magic
 + Level 1.5 Air Magic
 + Level 1.5 Earth Magic
 + Level 1.5 Poison Magic
 + Level 2.1 Invocations
 + Level 1.9 Evocations


You had 7 spell levels left.
You knew the following spells:

 Your Spells              Type           Power        Failure   Level
a - Blink                 Tloc           N/A          3%          2
b - Gell's Gravitas       Tloc           9%           6%          3
c - Teleport Other        Tloc           19%          6%          3

Your spell library contained the following spells:

 Spells                   Type           Power        Failure   Level
 Lesser Beckoning         Tloc           9%           6%          3
 Passage of Golubria      Tloc           N/A          21%         4


Dungeon Overview and Level Annotations

Branches:
Dungeon (5/15)
 Temple: D:4-7

Altars:
Makhleb
Ru
Vehumet

Annotations:
D:4 3 runed translucent doors, dtburroughs's ghost, amateur MiBe


Innate Abilities, Weirdness & Mutations

Your experience applies equally to all skills.
You have very sharp teeth.
Your uncanny sense of smell can sniff out nearby items.


Message History

Beogh smites you!
* * * LOW HITPOINT WARNING * * *
The orc wizard gestures wildly while chanting.
The orc wizard blinks!
Blink to where?
Press: ? - help, Dir - move target, p - orc priest
As you read the scroll of blinking, it crumbles to dust.
The orc priest calls upon Beogh to heal something.
Your magical contamination has completely faded away.
It was a potion of degeneration.
There was something very wrong with that liquid.
You feel weakened.
You feel dopey.
You feel clumsy.
The orc wizard hits you with a +0 dagger.
* * * LOW HITPOINT WARNING * * *
You feel yourself speed up.
The orc wizard casts a spell.
The orc wizard blinks!
The orc priest mumbles some strange prayers to Beogh against you.
Pain shoots through your body!
You die...

#..# #####.#.#######...#.#######
#..# #.........##...#.# #. #..#
#..#......##...#.######. #..#
#..#########.#.#.#......
##..####.#..#.............#.####.
#.)......#.o..........##..#.# #.
###.######o##.##o.........#.#####
#.# #.)§.#.##.#...............
#<####.#..#.##@#.#####.##.#####
####...o....##§#.# #..#.# #
#........##.#.######.#.# ##
#........##.#........... .
#.......###.####...#.#.#####
#.......o.o............#....
#.......###.####...##.##.###
#.......# #.#..............#
#.......# #.#.##...##..#.#.#


You could see an orc priest and an orc wizard (fast).

Vanquished Creatures
  An ogre (D:4)
  A hound (D:4)
  2 worker ants (D:4)
  A hound skeleton (D:4)
  2 adders
  An ooze (D:4)
  A worm (D:2)
  3 dart slugs
  A leopard gecko (D:2)
  3 orcs
  7 bats
  6 giant cockroaches
  7 goblins
  5 hobgoblins
  4 jackals (D:1)
  11 kobolds
  A quokka (D:4)
  4 ball pythons
  5 frilled lizards
  A jackal skeleton (D:4)
  8 rats
75 creatures vanquished.

Notes
Turn   | Place    | Note
-------+----------+-------------------------------------------
     0 | D:1      | jlumianski the Gnoll Warper began the quest for the Orb.
     0 | D:1      | Reached XP level 1. HP: 20/20 MP: 6/6
   315 | D:1      | Reached XP level 2. HP: 25/26 MP: 7/7
   320 | D:2      | Learned a level 2 spell: Blink
   979 | D:1      | You fall into a shaft and drop 1 floor!
  1014 | D:1      | Reached XP level 3. HP: 30/31 MP: 9/9
  1025 | D:1      | Reached skill level 5 in Spellcasting
  1034 | D:1      | Learned a level 3 spell: Gell's Gravitas
  1038 | D:1      | Learned a level 3 spell: Teleport Other
  1289 | D:2      | Reached skill level 1 in Invocations
  1454 | D:3      | Reached skill level 1 in Short Blades
  1454 | D:3      | Reached skill level 1 in Long Blades
  1454 | D:3      | Reached skill level 1 in Maces & Flails
  1454 | D:3      | Reached skill level 1 in Polearms
  1454 | D:3      | Reached skill level 1 in Staves
  1454 | D:3      | Reached skill level 1 in Slings
  1454 | D:3      | Reached skill level 1 in Bows
  1454 | D:3      | Reached skill level 1 in Crossbows
  1454 | D:3      | Reached skill level 1 in Stealth
  1454 | D:3      | Reached skill level 1 in Shields
  1454 | D:3      | Reached skill level 1 in Unarmed Combat
  1454 | D:3      | Reached skill level 1 in Evocations
  1687 | D:3      | Reached XP level 4. HP: 36/38 MP: 11/11
  1835 | D:2      | Found a sacrificial altar of Ru.
  2328 | D:3      | Reached skill level 1 in Conjurations
  2328 | D:3      | Reached skill level 1 in Hexes
  2328 | D:3      | Reached skill level 1 in Summonings
  2328 | D:3      | Reached skill level 1 in Necromancy
  2328 | D:3      | Reached skill level 1 in Transmutations
  2328 | D:3      | Reached skill level 1 in Fire Magic
  2328 | D:3      | Reached skill level 1 in Ice Magic
  2328 | D:3      | Reached skill level 1 in Air Magic
  2328 | D:3      | Reached skill level 1 in Earth Magic
  2328 | D:3      | Reached skill level 1 in Poison Magic
  2865 | D:4      | Reached XP level 5. HP: 25/43 MP: 12/12
  3357 | D:4      | Found a radiant altar of Vehumet.
  3358 | D:4      | Noticed an ogre
  3365 | D:4      | Found a runed translucent gate.
  3365 | D:4      | Found a runed translucent gate.
  3365 | D:4      | Found a runed translucent gate.
  3372 | D:4      | Found a burning altar of Makhleb.
  3381 | D:4      | Killed an ogre
  3382 | D:4      | Reached XP level 6. HP: 39/50 MP: 8/14
  3419 | D:5      | Entered Level 5 of the Dungeon
  3504 | D:4      | Noticed an ice beast
  3505 | D:4      | Noticed dtburroughs's ghost (amateur MiBe)
  3590 | D:4      | HP: 2/50 [orc priest/divine providence (14)]
  3601 | D:4      | Killed from afar by an orc priest

Illustrated notes

Levels and vault maps discovered:
D:1:      zelgadis_glass_arrival_small, layout_basic, item_on_display_a
D:2:      layout_rooms, nicolae_ru_the_path_less_chosen
D:3:      layout_loops_ring, minmay_close_crescents
D:4:      layout_basic, lemuel_crystal_altar, gammafunk_ghost_icy,
          bloody_makhleb
D:5:      layout_basic, minmay_temple_entry_gardened_gates,
          minmay_misc_feat_plants, kennysheep_okawaru_gauntlet

Skill      XL: |  1  2  3  4  5 |
---------------+----------------+-----
Spellcasting   | 5 |  5.3
Invocations    | 1 2 |  2.1
Short Blades   | 1 |  1.9
Long Blades    | 1 |  1.9
Maces & Flails | 1 |  1.9
Polearms       | 1 |  1.9
Staves         | 1 |  1.9
Slings         | 1 |  1.9
Bows           | 1 |  1.9
Crossbows      | 1 |  1.9
Stealth        | 1 |  1.9
Shields        | 1 |  1.9
Unarmed Combat | 1 |  1.9
Evocations     | 1 |  1.9
Conjurations   | 1 |  1.5
Hexes          | 1 |  1.5
Summonings     | 1 |  1.5
Necromancy     | 1 |  1.5
Transmutations | 1 |  1.5
Fire Magic     | 1 |  1.5
Ice Magic      | 1 |  1.5
Air Magic      | 1 |  1.5
Earth Magic    | 1 |  1.5
Poison Magic   | 1 |  1.5
Throwing       | 3 |  3.2
Armour         | 3 |  3.2
Fighting       | |  4.9
Axes           | |  4.9
Dodging        | |  4.9
Translocations | |  5.6

Action                   |  1- 3 |  4- 6 || total
-------------------------+-------+-------++-------
Melee: Hand axe          |   130 |   140 ||   270
       Bite              |    11 |    14 ||    25
Throw: Dart              |       |    13 ||    13
 Cast: Gell's Gravitas   |     2 |     4 ||     6
       Blink             |       |     3 ||     3
  Use: Potion            |     1 |     2 ||     3
       Scroll            |       |     2 ||     2
 Stab: Sleeping          |     1 |     1 ||     2
Armor: Leather armour    |    34 |    43 ||    77
Dodge: Dodged            |    89 |   134 ||   223
